 Seeded DCSS version 0.30.1-4-g462c640d31 (webtiles) character file.

Game seed: 6351066067085065685 (custom seed)

1374 Esekla the Grave Robber (level 8, -6/41 HPs)
             Began as a Deep Elf Necromancer on Aug 13, 2023.
             Was a Believer of Vehumet.
             Killed by divine providence
             ... invoked by an orc priest
              (15 damage)
             ... on level 8 of the Dungeon.
             The game lasted 00:23:22 (4646 turns).

Esekla the Grave Robber (Deep Elf Necromancer)      Turns: 4646, Time: 00:23:22

Health: -6/41      AC:  3    Str:  5    XL:     8   Next: 39%
Magic:  20/20      EV: 15    Int: 23    God:    Vehumet [**....]
Gold:   325        SH:  0    Dex: 18    Spells: 8/20 levels left

rFire   . . .        a - +5 rapier of the Hero {heavy, rN+ Dex+3}
rCold   . . .        (no shield)
rNeg    + . .        (no body armour)
rPois   .            i - +0 helmet
rElec   .            D - +0 cloak
rCorr   .            k - +0 pair of gloves
SInv    .            (no boots)
Will    .....        A - amulet of magic regeneration
Stlth   +++          (no ring)
HPRegen 0.26/turn    (no ring)
MPRegen 0.57/turn

%: no passive effects
@: no status effects
A: no striking features
a: Renounce Religion


You were on level 8 of the Dungeon.
You worshipped Vehumet.
Vehumet was pleased with you.
You visited 1 branch of the dungeon, and saw 8 of its levels.

You collected 325 gold pieces.

Inventory:

Hand Weapons
 a - the +5 rapier of the Hero (weapon) {heavy, rN+ Dex+3}
   (You found it on level 3 of the Dungeon)

   Dex:       It affects your dexterity (+3).
   rN:        It protects you from negative energy.
 c - a +0 scimitar
 r - a +0 trident
Missiles
 s - 7 poisoned darts (quivered)
Armour
 i - a +0 helmet (worn)
 k - a +0 pair of gloves (worn)
 n - a +0 robe
 D - a +0 cloak (worn)
 G - +0 steam dragon scales
Jewellery
 A - an amulet of magic regeneration (around neck)
Wands
 z - a wand of flame (15)
 F - a wand of roots (15)
Scrolls
 e - 3 scrolls of fear {unknown}
 g - 7 scrolls of identify {unknown}
 m - a scroll of immolation {unknown}
 p - 2 scrolls of fog {unknown}
 t - 2 scrolls of blinking {unknown}
 u - a scroll of enchant armour {unknown}
 v - 2 scrolls of amnesia {unknown}
 w - 3 scrolls of enchant weapon {unknown}
 x - a scroll of silence {unknown}
 y - a scroll of summoning {unknown}
 C - a scroll of magic mapping {unknown}
 E - a scroll of teleportation {unknown}
Potions
 b - a potion of magic
 d - 2 potions of ambrosia {unknown}
 f - a potion of haste {unknown}
 h - a potion of mutation {unknown}
 j - 6 potions of curing {unknown}
 l - 2 potions of attraction {unknown}
 o - 3 potions of brilliance {unknown}
 q - 2 potions of heal wounds {unknown}
 B - a potion of lignification {unknown}


   Skills:
 + Level 3.2 Short Blades
 + Level 0.8 Throwing
 * Level 5.9 Dodging
 + Level 4.8 Stealth
 * Level 6.8 Spellcasting
 * Level 7.6 Necromancy
 * Level 4.0 Translocations


You had 8 spell levels left.
You knew the following spells:

 Your Spells              Type           Power      Damage    Failure   Level
a - Necrotise             Necr           100%       1d9       1%          1
b - Sandblast             Erth           14%        2d6       8%          1
c - Foxfire               Conj/Fire      28%        2x1d5     8%          1
d - Vampiric Draining     Necr           43%        2d9       1%          3
e - Stone Arrow           Conj/Erth      14%        3d7       24%         3
t - Teleport Other        Tloc           26%        N/A       4%          3

Your spell library contained the following spells:

 Spells                   Type           Power      Damage    Failure   Level
 Lesser Beckoning         Tloc           52%        N/A       2%          2
 Animate Dead             Necr           43%        N/A       3%          4
 Gell's Gravitas          Tloc           26%        N/A       4%          3
 Agony                    Necr           43%        N/A       10%         5
 Spider Form              Tmut/Pois      7%         N/A       24%         3
 Cause Fear               Hex            3%         N/A       61%         4
 Summon Mana Viper        Hex/Summ       7%         N/A       91%         5


Dungeon Overview and Level Annotations

Branches:
Dungeon (8/15)             Temple (0/1) D:6
   Lair: D:8-11

Altars:
Dithmenos
Hepliaklqana
Okawaru
Qazlal
Trog
Vehumet
Zin
The Shining One

Shops:
D:2 =   D:4 (

Annotations:
D:6 Pikel


Message History

Your Translocations skill increases to level 4!
There is a stone staircase leading up, spattered with blood here.
Things that are here:
+0 steam dragon scales; a steam dragon corpse G - +0 steam dragon scales You start removing your armour.
You continue taking off your +0 robe. x4
Magic restored.
You finish taking off your +0 robe.
You start putting on your armour.
You continue putting on your +0 steam dragon scales. x2
Keep equipping yourself?
Uppercase [Y]es or [N]o only, please.
Keep equipping yourself?
You stop putting on your armour.
The orc priest begins to cast a cantrip, but forgets the words!
Things that are here:
a +1 falchion of draining; an orc corpse An orc priest and an orc come into view.
Throw: 8 darts (poison)
Press: ? - help, Q - select action, (/) - cycle Shift-Dir - straight line, f - orc priest
Aim: an orc priest, wielding a +0 hand axe and wearing a +0 ring mail (64% to hit)
You throw a poisoned dart. The poisoned dart hits the orc priest.
The orc priest is poisoned.
The orc priest mumbles some strange prayers to Beogh against you.
Beogh smites you!
You hear a shout!
An orc comes into view. It is wielding a +0 hand axe.
The orc shouts!
The orc priest calls down the wrath of Beogh upon you.
Beogh smites you!
* * * LOW HITPOINT WARNING * * *
An orc wizard comes into view. It is wielding a +0 dagger.
You hear a shout! x2
Things that are here:
a +1 falchion of draining; an orc corpse
There is a stone staircase leading up, spattered with blood here.
You see here a steam dragon corpse.
The orc priest mumbles some strange prayers to Beogh against you.
Beogh smites you!
You die...

##.# ....
..... .o5.o
......
....oo###
#...o.#
#o###
#.)@######.#
####.......#
#.#######
#.# #.. ....
####. .. .#


You could see 2 orc priests, a white imp and 2 orcs.

Vanquished Creatures
  A steam dragon (D:8)
  An ice beast (D:6)
  A sky beast (D:6)
  A black bear (D:2)
  An ogre (D:5)
  Blork the orc (D:6)
  2 scorpions (D:5)
  A gnoll bouda (D:4)
  5 hounds
  Crazy Yiuf (D:7)
  A sleepcap (D:5)
  5 iguanas
  An orc wizard (D:7)
  12 gnolls
  9 adders
  2 white imps
  An ufetubus (D:6)
  A worm (D:4)
  3 dart slugs
  13 orcs
  6 ball pythons
  4 endoplasms
  8 goblins
  5 hobgoblins
  A quokka (D:1)
  4 bats
  4 frilled lizards
  5 kobolds
  A rat (D:1)
101 creatures vanquished.

Vanquished Creatures (others)
  A shadow imp (D:8)
1 creature vanquished.

Grand Total: 102 creatures vanquished

Notes
Turn   | Place    | Note
-------+----------+-------------------------------------------
     0 | D:1      | Esekla the Deep Elf Necromancer began the quest for the
                  | Orb.
     0 | D:1      | Reached XP level 1. HP: 10/10 MP: 6/6
   141 | D:1      | Reached skill level 5 in Necromancy
   372 | D:4      | Found an iron altar of Okawaru.
   436 | D:4      | Found a glowing silver altar of Zin.
   455 | D:4      | Found a radiant altar of Vehumet.
   459 | D:4      | Became a worshipper of Vehumet
   571 | D:3      | Reached XP level 2. HP: 9/15 MP: 8/8
   683 | D:3      | Identified the +5 rapier of the Hero {heavy, rN+ Dex+3}
   698 | D:2      | Found Renulab's Jewellery Shop.
   865 | D:1      | Reached XP level 3. HP: 19/19 MP: 9/9
   869 | D:1      | Learned a level 3 spell: Vampiric Draining
  1117 | D:2      | Reached * piety under Vehumet
  1117 | D:2      | Offered knowledge of Sandblast by Vehumet.
  1120 | D:2      | Learned a level 1 spell: Sandblast
  1124 | D:2      | Learned a level 3 spell: Teleport Other
  1267 | D:2      | Found a faded altar of an unknown god.
  1282 | D:2      | Reached skill level 1 in Short Blades
  1282 | D:2      | Reached XP level 4. HP: 24/24 MP: 9/11
  1311 | D:2      | Noticed a black bear
  1389 | D:2      | Killed a black bear
  1390 | D:2      | Reached skill level 1 in Translocations
  1390 | D:2      | Reached XP level 5. HP: 7/28 MP: 0/13
  1971 | D:3      | Found a stormy altar of Qazlal.
  1974 | D:3      | Found a hazy altar of Hepliaklqana.
  1974 | D:3      | Found a bloodstained altar of Trog.
  1990 | D:3      | Reached skill level 6 in Necromancy
  2291 | D:4      | Found Ponaysk's Antique Weapon Boutique.
  2428 | D:4      | Found a glowing golden altar of the Shining One.
  2441 | D:4      | Reached XP level 6. HP: 32/32 MP: 14/14
  2648 | D:4      | Reached ** piety under Vehumet
  2648 | D:4      | Offered knowledge of Foxfire by Vehumet.
  2651 | D:4      | Learned a level 1 spell: Foxfire
  3058 | D:5      | Entered Level 5 of the Dungeon
  3151 | D:6      | Noticed an ice beast
  3156 | D:6      | Killed an ice beast
  3157 | D:6      | Reached XP level 7. HP: 32/36 MP: 11/16
  3252 | D:5      | Reached skill level 5 in Dodging
  3295 | D:5      | Found a shadowy altar of Dithmenos.
  3358 | D:5      | Reached skill level 5 in Spellcasting
  3580 | D:5      | Reached skill level 7 in Necromancy
  3742 | D:5      | Got the Parchment of the Lumpy Olives
  3940 | D:6      | Reached XP level 8. HP: 38/41 MP: 13/19
  3953 | D:6      | Found a staircase to the Ecumenical Temple.
  3962 | D:6      | Noticed Pikel
  4025 | D:7      | Found a runed translucent door.
  4026 | D:7      | Noticed Crazy Yiuf
  4032 | D:7      | Killed Crazy Yiuf
  4170 | D:6      | Noticed Blork the orc
  4229 | D:6      | Killed Blork the orc
  4295 | D:6      | Offered knowledge of Stone Arrow by Vehumet.
  4306 | D:6      | Learned a level 3 spell: Stone Arrow
  4646 | D:8      | Killed from afar by an orc priest

Illustrated notes

Levels and vault maps discovered:
D:1:      sevenhm_arrival_forest_fort_small_3, layout_rooms,
          chequers_serial_rivers_room_b, minmay_misc_feat_five
D:2:      layout_loops_ring, dreamdust_ecumenical_altar_angels_and_demons,
          serial_shops, shop
D:3:      layout_basic, grunt_temple_overflow_open, minmay_misc_feat_iff
D:4:      layout_basic, nicolae_overflow_quartered_altars, serial_shops,
          nicolae_diamond_shop
D:5:      layout_loops_ring, lemuel_doored_altar, minmay_misc_feat_rows,
          dreamdust_wishing_well
D:6:      layout_loops_cross, fedhas_altar_fruit_tree,
          minmay_temple_entry_glass, uniq_pikel, uniq_blork_the_orc
D:7:      layout_basic, uniq_menkaure, uniq_joseph, uniq_crazy_yiuf_cottage
D:8:      layout_basic, nicolae_uskayaw_dance_hall, serial_demonic,
          serial_demonic_d, serial_demonic_a, serial_demonic_c,
          serial_demonic_c, nicolae_diode_quadrants

Skill      XL: |  1  2  3  4  5  6  7  8 |
---------------+-------------------------+-----
Necromancy     | 5 6 7 |  7.6
Dodging        | 3 4 5 |  5.9
Stealth        | 3 4 |  4.8
Short Blades   | 1 2 3 |  3.2
Spellcasting   | 4 6 |  6.8
Translocations | 1 2 3 4 |  4.0
Throwing       | |  0.8

Action                     |  1- 3 |  4- 6 |  7- 9 || total
---------------------------+-------+-------+-------++-------
  Melee: Short sword       |    33 |       |       ||    33
         Unarmed           |     9 |       |       ||     9
         Punch             |     2 |     2 |       ||     4
         Rapier            |    41 |    68 |    65 ||   174
  Throw: Dart              |       |     2 |    10 ||    12
   Cast: Vampiric Draining |     1 |    16 |    18 ||    35
         Teleport Other    |       |       |    10 ||    10
  Evoke: Wand              |       |       |     1 ||     1
   Stab: Sleeping          |     5 |     6 |     8 ||    19
         Distracted        |       |     1 |       ||     1
 Armour: Robe              |    21 |    20 |    23 ||    64
  Dodge: Dodged            |    74 |    73 |    65 ||   212
